 Dungeon Crawl Stone Soup version 0.20.0-8-g6b59dc7 (webtiles) character file.

787764 Eptagon the Slayer (level 27, -10/192 HPs)
             Began as a Gargoyle Berserker on May 29, 2017.
             Was the Champion of Makhleb.
             Mangled by Wimyr the pandemonium lord (20 damage)
             ... in Pandemonium on May 31, 2017.
             The game lasted 02:57:29 (68772 turns).

Eptagon the Slayer (Gargoyle Berserker)            Turns: 68772, Time: 02:57:30

Health: -10/192    AC: 57    Str: 32    XL:     27
Magic:  0/12       EV: 24    Int:  9    God:    Makhleb [******]
Gold:   4189       SH:  4    Dex: 18    Spells: 25/26 levels left

rFire    + . .     SeeInvis +   a - +9 executioner's axe (antimagic)
rCold    + + .     Gourm    .   (shield currently unavailable)
rNeg     + + .     Faith    .   I - +12 chain mail of Card Tricks {rC+ rCorr Int+2 SInv}
rPois    ∞         Spirit   +   L - +2 helmet "Ythel" {rC+ MR+ Str+3}
rElec    +         Reflect  .   Z - scarf {Spirit}
rCorr    +         Harm     .   q - +2 pair of gloves {Str+3}
MR       +++++     Clarity  +   H - +0 pair of boots {Stlth+}
Stlth    ..........             B - amulet of the Four Winds {rN+ MR+++ Clar}
Regen    0.5/turn               d - ring of Jyokaid {rElec Str+4 SInv}
MPRegen  0.2/turn               K - ring of Departure {rF+ MR+}

@: about to teleport, flying
A: big wings, hooves 1, large bone plates 1, yellow scales 1, deformed body,
dopey 2, negative energy resistance 1, electricity resistance, unbreathing,
petrification resistance, rot immunity, AC +20
}: 6/15 runes: decaying, serpentine, slimy, silver, abyssal, demonic
a: Stop Flying, Minor Destruction, Lesser Servant of Makhleb, Major Destruction,
Greater Servant of Makhleb, Renounce Religion


You were in Pandemonium.
You worshipped Makhleb.
Makhleb was exalted by your worship.
You were hungry.

You visited 11 branches of the dungeon, and saw 53 of its levels.
You visited Pandemonium 2 times, and saw 7 of its levels.
You visited the Abyss 5 times.
You also visited: Labyrinth and Volcano.

You collected 9059 gold pieces.
You spent 4870 gold pieces at shops.

Inventory:

Hand Weapons
 a - a +9 antimagic executioner's axe (weapon)
Armour
 q - a +2 pair of gloves of strength (worn)
 H - a +0 pair of boots of stealth (worn)
 I - the +12 chain mail of Card Tricks (worn) {rC+ rCorr Int+2 SInv}
   (You bought it in a shop on level 9 of the Dungeon)

   It affects your intelligence (+2).
   It protects you from cold.
   It lets you see invisible.
   It protects you from acid and corrosion.
 L - the +2 helmet "Ythel" (worn) {rC+ MR+ Str+3}
   (You bought it in a shop on level 2 of the Orcish Mines)

   It affects your strength (+3).
   It protects you from cold.
   It affects your resistance to hostile enchantments.
 Z - a scarf of spirit shield (worn)
Jewellery
 d - the ring of Jyokaid (left hand) {rElec Str+4 SInv}
   (You found it on level 4 of the Snake Pit)

   [ring of see invisible]

   It affects your strength (+4).
   It insulates you from electricity.
   It lets you see invisible.
 B - the amulet of the Four Winds (around neck) {rN+ MR+++ Clar}
   (You bought it in a shop on level 5 of the Depths)

   [amulet of nothing]

   It protects you from negative energy.
   It affects your resistance to hostile enchantments.
   It protects you against confusion.
 K - the ring of Departure (right hand) {rF+ MR+}
   (You found it on level 6 of the Dungeon)

   [ring of protection from fire]

   It protects you from fire.
   It affects your resistance to hostile enchantments.
Wands
 e - a wand of iceblast (4/15)
 s - a wand of digging (16/24)
 t - a wand of acid (7/15)
 P - a wand of acid (6/15)
 R - a wand of scattershot (4/9)
 S - a wand of acid (3/15)
 U - a wand of iceblast (7/15)
 W - a wand of clouds (6/9)
 X - a wand of acid (9/15)
Scrolls
 c - a scroll of brand weapon
 f - 11 scrolls of fear
 g - 12 scrolls of identify
 h - 27 scrolls of teleportation
 k - 2 scrolls of summoning
 l - 19 scrolls of remove curse
 p - 5 scrolls of fog
 w - 7 scrolls of recharging
 x - a scroll of enchant weapon
 y - 11 scrolls of blinking
 D - 10 scrolls of enchant armour
 F - 6 scrolls of holy word
 M - 8 scrolls of magic mapping
Potions
 b - 5 potions of berserk rage
 i - 26 potions of curing
 j - 8 potions of agility
 m - 10 potions of heal wounds
 A - 6 potions of haste
 G - 4 potions of cancellation
 J - 4 potions of invisibility
 N - 4 potions of might
 V - 6 potions of resistance
 Y - 5 potions of ambrosia
Miscellaneous
 o - 3 phantom mirrors
 r - a lamp of fire
 u - a lightning rod (4/4)
 E - a phial of floods
 O - a fan of gales
Comestibles
 n - 29 bread rations
 v - 20 fruits
 z - 6 chunks of flesh
 C - 19 meat rations


   Skills:
 + Level 24.6 Fighting
 + Level 23.7 Axes
 + Level 24.2 Armour
 + Level 19.9 Dodging
 + Level 7.6 Invocations
 - Level 18.6 Evocations


You had 25 spell levels left.
You knew the following spells:

 Your Spells              Type           Power        Failure   Level  Hunger
b - Summon Butterflies    Summ           #.......     65%         1    ##.....


Dungeon Overview and Level Annotations

Branches:
Dungeon (15/15)            Temple (1/1) D:4            Lair (6/6) D:9
  Swamp (4/4) Lair:4        Snake (4/4) Lair:4        Slime (5/5) Lair:5
    Orc (2/2) D:12            Elf (3/3) Orc:2        Vaults (5/5) D:14
  Crypt (3/3) Vaults:2       Tomb (0/3) Crypt:3      Depths (5/5) D:15
    Zot (0/5) Depths:5

Altars:
Ashenzari
Cheibriados
Dithmenos
Elyvilon
Fedhas
Gozag
Hepliaklqana
Kikubaaqudgha
Makhleb
Nemelex Xobeh
Okawaru
Qazlal
Ru
Sif Muna
Trog
Uskayaw
Vehumet
Xom
Yredelemnul
Zin
The Shining One

Shops:
D:7 (   D:8 %*}%   D:9 %*[   D:12 [(   D:15 =   Orc:1 !   Orc:2 =[**(   Elf:1 [
Snake:1 !   Snake:3 }**   Vaults:2 *   Vaults:3 (   Depths:1 =}=   Depths:5 :*?

Portals:
Hell: Depths:1 Depths:2 Depths:3 Depths:4 Depths:5
Abyss: Depths:1 Depths:2 Depths:4 Depths:5
Pandemonium: Depths:3 Depths:4
Ziggurat: Depths:1


Innate Abilities, Weirdness & Mutations

You are resistant to torment.
Your stone body is resilient. (AC +20)
You are immune to poison.
Your large and strong wings let you fly indefinitely.
You resist negative energy. (rN+)
You are resistant to electric shocks. (rElec)
You can survive without breathing.
You are immune to petrification.
You are immune to rotting.
You have large cloven feet.
You are partially covered in large bone plates. (SH +4)
You are partially covered in yellow scales. (AC +2)
Armour fits poorly on your strangely shaped body.
You are very dopey. (Int -4)


Message History

The gelid demonspawn completely misses you.
The sun demon hits you!
* * * LOW HITPOINT WARNING * * *
You are engulfed in flames.
You resist.
* * * LOW HITPOINT WARNING * * *
The Hell Sentinel completely misses you.
You block the Hell Sentinel's attack.
The purple draconian breathes dispelling energy at you.
The bolt of dispelling energy misses you.
You block Wimyr's attack.
You barely miss Wimyr.
Wimyr is moderately wounded.
You hit the Hell Sentinel but do no damage.
You slice the purple draconian!!
You kill the purple draconian!
Makhleb accepts your kill.
You closely miss the sun demon. Wimyr hits you!!
* * * LOW HITPOINT WARNING * * *
Space warps horribly around you!
You die...

.'. #...##.. .'.∩
#....#.#. #''#
#........ .$.#
'........
...##......$.
+####'#.........
.....66[(.......
....^..@)...(...
#####.1&3.......
$.#####.....##..#..
........∩..## ##
..######...# #..##
..... .#..#..
.#.....#..


You could see Wimyr, a Hell Sentinel, a sun demon, a gelid demonspawn and an
infernal demonspawn.

Vanquished Creatures
  the Royal Jelly (Slime:5)
  Khufu (Crypt:2)
  Mennas (Depths:3)
  Mara (Depths:1)
  An ancient lich (Crypt:3)
  2 greater mummies (Crypt:2)
  Margery (Vaults:5)
  Frederick (Depths:4)
  Xtahua (Depths:4)
  4 golden dragons
  Saint Roka (Snake:4)
  A profane servitor (Crypt:2)
  4 pandemonium lords (Pan)
  Jory (Vaults:2)
  6 bone dragons
  8 Tzitzimimeh (Pan)
  3 Brimstone Fiends (Pan)
  Jorgrun (Snake:3)
  8 liches
  2 Ice Fiends (Pan)
  2 hellephants
  4 tentacled monstrosities
  3 Hell Sentinels (Pan)
  2 deep elf blademasters (Elf:3)
  Rupert (D:13)
  5 titans (Vaults:5)
  12 acid blobs
  4 sphinxes
  2 deep elf master archers (Elf:3)
  2 quicksilver dragons
  4 Executioners
  2 ancient champions
  5 storm dragons
  Gastronok (Lair:2)
  2 draconian monks
  14 tentacled starspawn
  Roxanne (Elf:1)
  4 shadow dragons
  Donald (Vaults:3)
  11 nagarajas
  5 tengu reavers (Vaults:5)
  15 frost giants
  2 revenants
  An iron dragon (Vaults:5)
  9 balrugs
  3 ghost moths (Pan)
  4 azure jellies (Slime:5)
  A caustic shrike zombie (Depths:2)
  10 fire giants
  13 vault wardens
  A warmonger (Pan)
  11 cacodemons
  Louise (D:15)
  An orc warlord (Orc:1)
  A draconian stormcaller (Depths:5)
  A draconian shifter (Abyss:4)
  2 ghouls (Vaults:1)
  8 black suns (Pan)
  Aizul (Snake:1)
  4 deep elf sorcerers
  3 spriggan defenders
  10 reapers
  4 deep elf elementalists
  16 very ugly things
  23 ironheart preservers
  8 war gargoyles
  7 blood saints (Pan)
  31 stone giants
  An entropy weaver (shapeshifter) (Depths:3)
  2 entropy weavers
  An ophan (Abyss:2)
  10 lorocyprocas
  8 corrupters (Pan)
  8 vampire knights
  12 deep elf demonologists
  A purple draconian (Pan)
  8 deep elf annihilators
  3 yellow draconians
  A black draconian (Depths:5)
  20 dire elephants
  6 spark wasps
  2 pearl dragon zombies (Crypt:2)
  6 blizzard demons
  16 crystal guardians
  17 ettins
  13 deep elf death magi
  15 eidola
  A mummy priest (Crypt:3)
  A quicksilver dragon zombie (Crypt:3)
  20 yaktaur captains
  8 death oozes (Slime:5)
  A merfolk javelineer (Depths:5)
  7 fire dragons
  Josephine (Snake:1)
  7 green deaths (Pan)
  2 jiangshi (Crypt:1)
  6 deep elf high priests
  15 great orbs of eyes
  6 ice dragons
  A minotaur (Lab)
  2 quicksilver dragon skeletons
  10 rakshasas
  19 naga warriors
  Fannar (D:11)
  4 ghost crabs
  6 hell beasts (Pan)
  42 vault guards
  18 anacondas
  A merfolk avatar (Lair:6)
  13 centaur warriors
  7 monstrous demonspawn (Pan)
  7 death knights
  10 hydras
  4 spriggan air magi
  32 two-headed ogres
  5 alligators
  A two-headed ogre (shapeshifter) (Depths:3)
  10 ogre magi
  43 dancing weapons
  9 death yaks
  3 orc high priests
  11 deep troll shamans
  26 thrashing horrors
  7 deep troll earth magi
  A titan zombie (Crypt:3)
  5 hell hogs
  16 naga sharpshooters
  9 shock serpents
  27 deep elf knights
  12 hell knights
  Urug (D:11)
  3 spriggan berserkers (Depths:4)
  2 tengu warriors
  5 vampire magi
  4 storm dragon zombies (Crypt:3)
  26 sun demons
  Sonja (D:10)
  19 sixfirhies
  17 soul eaters
  2 fire crabs
  14 skeletal warriors
  11 wretched stars
  A fire crab (shapeshifter) (Depths:4)
  4 spatial maelstroms
  4 shadow wraiths
  An iron giant zombie (Crypt:2)
  20 deep trolls
  6 iron trolls
  A sea snake (Snake:4)
  4 salamander mystics
  A death drake (Swamp:4)
  An infernal demonspawn (Pan)
  7 shadow demons
  5 unseen horrors
  A death drake (shapeshifter) (Vaults:5)
  4 obsidian statues (Depths:3)
  2 golden dragon zombies (Crypt:3)
  2 spriggan druids (Swamp:4)
  5 torturous demonspawn
  6 glowing orange brains
  A glowing orange brain (shapeshifter) (Depths:4)
  2 swamp dragons (shapeshifter)
  8 wizards
  6 flayed ghosts
  5 naga ritualists
  16 deep elf archers
  3 spectral hydras (Swamp:4)
  6 shambling mangroves
  19 necromancers
  3 anaconda skeletons
  3 gelid demonspawn (Pan)
  A lindwurm (Volcano)
  19 phantasmal warriors
  A harpy (Lair:6)
  2 golden dragon skeletons
  4 wolf spiders
  15 orc knights
  A harpy (shapeshifter) (Vaults:5)
  4 mana vipers
  10 ironbrand convokers
  2 mana vipers (shapeshifter)
  6 shining eyes
  3 wolf spider zombies
  3 iron dragon skeletons
  A shadow dragon skeleton (Crypt:3)
  A manticore (shapeshifter) (Vaults:5)
  An orb spider (shapeshifter) (Vaults:1)
  A frost giant zombie (Vaults:4)
  A tengu skeleton (Vaults:4)
  5 stone giant zombies
  9 orc sorcerers
  2 moths of wrath (shapeshifter)
  2 cyclopes (shapeshifter)
  67 deep elf magi
  59 ugly things
  4 worldbinders
  A shining eye (shapeshifter) (Depths:3)
  A fire giant zombie (Abyss:4)
  6 cyclopes
  16 salamanders
  15 vault sentinels
  11 elephants
  4 guardian serpents
  A fire giant skeleton (Abyss:1)
  2 rust devils
  A stone giant skeleton (Crypt:1)
  43 black mambas
  A black mamba (shapeshifter) (Depths:3)
  A guardian serpent (shapeshifter) (Depths:1)
  A storm dragon simulacrum (Abyss:4)
  7 orange demons
  36 naga magi
  4 molten gargoyles
  4 eyes of devastation
  4 apis skeletons (Crypt:2)
  6 gargoyles
  An eye of devastation (shapeshifter) (Depths:3)
  3 hellions
  A torpor snail (shapeshifter) (Vaults:5)
  2 apocalypse crabs (Abyss:3)
  A white draconian zombie (Crypt:1)
  27 smoke demons
  A rime drake (shapeshifter) (Depths:4)
  16 spiny frogs
  A shock serpent skeleton (Crypt:3)
  21 hellwings
  A yaktaur zombie (Vaults:4)
  4 kobold demonologists
  20 demonic crawlers
  14 freezing wraiths
  12 komodo dragons
  A purple draconian skeleton (Crypt:1)
  4 efreet
  3 swamp worm zombies
  4 tormentors
  43 yaktaurs
  2 ice devils (Pan)
  A green draconian zombie (Crypt:3)
  A minotaur zombie (Crypt:1)
  A merfolk (shapeshifter) (Depths:3)
  10 rime drakes
  17 ancient zymes
  2 tengu conjurers (Depths:4)
  7 red devils
  10 trolls
  6 hydra zombies
  A queen bee (shapeshifter) (Depths:1)
  8 polar bears
  A red draconian skeleton (Crypt:2)
  2 tyrant leeches
  20 hornets
  Prince Ribbit (D:6)
  3 wind drakes (Depths:3)
  A polar bear (shapeshifter) (Vaults:5)
  A raiju (shapeshifter) (Vaults:3)
  59 slime creatures
  32 raiju
  5 alligator zombies
  2 hippogriffs (shapeshifter) (Vaults:3)
  2 minotaur skeletons
  8 bog bodies
  9 hippogriffs
  A snapping turtle (shapeshifter) (Depths:3)
  An iron dragon simulacrum (Depths:2)
  3 dream sheep (shapeshifter)
  A tarantella zombie (Crypt:1)
  2 ettin zombies
  28 blink frogs
  A fire giant simulacrum (Abyss:4)
  4 spectral swamp dragons (Swamp:4)
  2 redbacks (shapeshifter)
  A slime creature (shapeshifter) (Depths:3)
  5 flying skulls (Abyss:4)
  A centaur simulacrum (D:15)
  9 air elementals
  6 redbacks
  6 vampires
  An ice dragon skeleton (Crypt:1)
  7 spriggans
  2 spriggans (shapeshifter)
  An ettin skeleton (Crypt:3)
  3 shadows
  A tarantella (shapeshifter) (Depths:3)
  18 water elementals
  17 ynoxinuls
  A wyvern (shapeshifter) (Abyss:2)
  6 wyverns
  A fire dragon skeleton (Abyss:4)
  10 wraiths
  An ushabti (Crypt:3)
  2 basilisks
  21 humans
  A human (shapeshifter) (Depths:3)
  33 yaks
  2 yaks (shapeshifter)
  3 human simulacra (Vaults:3)
  47 large abominations
  9 fire bats
  6 golden eyes (Slime:2)
  2 steam dragons
  18 neqoxecs
  11 chaos spawn
  12 vampire mosquitoes
  8 hungry ghosts
  8 fire elementals
  19 insubstantial wisps
  A monstrous demonspawn zombie (Crypt:1)
  3 spatial vortices (Abyss:4)
  An elf skeleton (Depths:2)
  7 wargs
  20 swamp worms
  67 nagas
  11 water moccasins
  5 hell hounds
  An acid dragon (Vaults:2)
  A floating eye (Depths:1)
  10 porcupines
  Duvessa (D:6)
  5 ice beasts
  A spiny frog zombie (Crypt:3)
  A black bear (shapeshifter) (Vaults:1)
  3 sky beasts
  6 swamp drakes
  A hornet zombie (D:7)
  47 orc warriors
  4 black bears
  8 eyes of draining
  5 phantoms
  An eye of draining (shapeshifter) (Depths:3)
  35 ogres
  5 swamp dragon zombies (Swamp:4)
  2 snapping turtle zombies (Crypt:3)
  A necrophage (D:7)
  2 snapping turtle skeletons (Crypt:3)
  A tengu (shapeshifter) (Abyss:3)
  12 boggarts
  11 centaurs
  A manticore skeleton (Crypt:3)
  10 crocodiles
  A hog zombie (Crypt:2)
  An elf zombie (Crypt:3)
  5 big kobolds
  A komodo dragon zombie (Crypt:2)
  22 bullfrogs
  2 wyvern zombies
  12 earth elementals
  Dowan (D:6)
  6 wyvern skeletons
  3 scorpions
  20 small abominations
  A shapeshifter zombie (Crypt:2)
  A manticore simulacrum (Crypt:1)
  A snapping turtle simulacrum (Abyss:4)
  13 wights
  A vampire bat (D:9)
  A polar bear skeleton (Crypt:2)
  A howler monkey (D:13)
  9 crimson imps
  3 centaur zombies
  67 starcursed masses
  A yaktaur simulacrum (Vaults:1)
  5 lava snakes (Volcano)
  5 quasits
  4 bullfrog zombies
  3 hounds
  30 orc priests
  20 jellies
  4 bullfrog skeletons
  25 orc wizards
  5 centaur skeletons
  5 iron imps
  6 iguanas
  A human skeleton (Crypt:2)
  A spectral swamp drake (Swamp:4)
  15 worker ants
  Robin (D:2)
  A hound skeleton (D:11)
  2 howler monkey zombies
  3 mummies
  3 gnolls (D:4)
  A howler monkey skeleton (D:5)
  13 adders
  A swamp drake skeleton (Crypt:2)
  3 shadow imps
  2 white imps
  An ufetubus (Abyss:2)
  An ooze (Lair:5)
  2 adder skeletons
  A worm (D:2)
  3 dart slugs
  4 leopard geckos
  131 orcs
  6 ball pythons
  8 bats
  2 bat skeletons (D:9)
  3 bat zombies (D:9)
  8 giant cockroaches
  23 goblins
  2 hobgoblins (D:1)
  16 jackals
  17 kobolds
  4 quokkas
  5 frilled lizards
  2 leopard gecko skeletons
  3 rats
  8 crawling corpses
  16 fungi
  A lurking horror (Abyss:3)
  11 plants
  22 starspawn tentacles
  2 tentacles (Abyss:3)
  4 withered plants (Crypt:3)
3217 creatures vanquished.

Vanquished Creatures (collateral kills)
  2 hydras
  A polar bear (Lair:5)
  A tyrant leech (Swamp:1)
  2 slime creatures (Swamp:1)
  A crocodile (Lair:5)
7 creatures vanquished.

Vanquished Creatures (others)
  A Tzitzimitl (Pan)
  A kraken (Abyss:3)
  2 black suns (Pan)
  A yaktaur captain (D:15)
  A deep elf knight (Vaults:5)
  A shadow wraith (Vaults:4)
  A shadow demon (Pan)
  A deep elf mage (Elf:1)
  A guardian serpent (shapeshifter) (Depths:3)
  2 large abominations (Abyss:1)
  A demonic crawler (Abyss:4)
  A raiju (Abyss:4)
  An air elemental (Elf:2)
  A boggart (Depths:1)
  An ogre (Vaults:4)
  2 small abominations (Abyss:1)
  15 ball lightnings (Depths:3)
  2 orcs
  A bush (Abyss:3)
  17 fungi
  A lurking horror (Abyss:3)
  6 plants
  36 starspawn tentacles
  2 tentacles (Abyss:3)
  4 withered plants (Crypt:3)
103 creatures vanquished.

Grand Total: 3327 creatures vanquished

Notes
Turn   | Place    | Note
-------+----------+-------------------------------------------
     0 | D:1      | Eptagon the Gargoyle Berserker began the quest for the Orb.
     0 | D:1      | Reached XP level 1. HP: 14/14 MP: 1/1
   103 | D:1      | Reached XP level 2. HP: 18/19 MP: 2/2
   688 | D:2      | Reached XP level 3. HP: 17/24 MP: 3/3
   866 | D:2      | Upgraded the game from 0.20.0-7-g3b7b877 to 0.20.0-8-g6b59dc7
   910 | D:2      | Found a faded altar of an unknown god.
  1033 | D:2      | Noticed Robin
  1037 | D:2      | Reached ** piety under Trog
  1054 | D:2      | Killed Robin
  1124 | D:2      | Reached XP level 4. HP: 23/29 MP: 4/4
  1460 | D:3      | Reached XP level 5. HP: 33/33 MP: 5/5
  1630 | D:3      | Found a snail-covered altar of Cheibriados.
  1812 | D:3      | Reached XP level 6. HP: 39/39 MP: 6/6
  2396 | D:4      | Reached skill level 5 in Fighting
  2509 | D:4      | Reached XP level 7. HP: 44/44 MP: 7/7
  2527 | D:4      | Reached *** piety under Trog
  2701 | D:4      | Found a staircase to the Ecumenical Temple.
  2805 | D:4      | Found a bloodstained altar of Trog.
  3085 | D:5      | Entered Level 5 of the Dungeon
  3306 | D:5      | Reached skill level 5 in Armour
  3506 | D:5      | Found a sacrificial altar of Ru.
  3555 | D:5      | Found a hazy altar of Hepliaklqana.
  3556 | D:5      | Found a radiant altar of Vehumet.
  3560 | D:5      | Found a snail-covered altar of Cheibriados.
  3912 | D:6      | Reached XP level 8. HP: 51/51 MP: 8/8
  3917 | D:6      | Found a shattered altar of Ashenzari.
  4057 | D:6      | Reached **** piety under Trog
  4057 | D:6      | Reached skill level 5 in Axes
  4387 | D:6      | Noticed Prince Ribbit
  4392 | D:6      | Killed Prince Ribbit
  4615 | D:6      | Got a transparent bronze ring
  4616 | D:6      | Identified the ring of Departure {rF+ MR+} (You found it on level 6 of the Dungeon)
  4698 | D:6      | Reached XP level 9. HP: 52/56 MP: 9/9
  4763 | D:6      | Noticed Dowan
  4764 | D:6      | Noticed Duvessa
  4769 | D:6      | Killed Duvessa
  4771 | D:6      | Killed Dowan
  4771 | D:6      | Reached skill level 5 in Dodging
  5103 | D:7      | Found Qityb's Antique Weapon Emporium.
  5156 | D:7      | Found an iron altar of Okawaru.
  5468 | D:8      | Noticed a two-headed ogre
  5472 | D:8      | Killed a two-headed ogre
  5472 | D:8      | Reached XP level 10. HP: 58/65 MP: 10/10
  5515 | D:8      | Found Fumman's Gadget Shoppe.
  5536 | D:8      | Found Weosaode's Food Shop.
  5778 | D:8      | Found Beneyxav's Food Boutique.
  5990 | D:8      | Found Woabeq's Assorted Antiques.
  5998 | D:8      | Bought a glowing copper wand for 144 gold pieces
  6347 | D:9      | Reached ***** piety under Trog
  6401 | D:9      | Found Buler's Antique Armour Shoppe.
  6410 | D:9      | Bought a shimmering chain mail for 209 gold pieces
  6420 | D:9      | Identified the +12 chain mail of Card Tricks {rC+ rCorr Int+2 SInv} (You bought it in a shop on level 9 of the Dungeon)
  6427 | D:9      | Found a staircase to the Lair.
  6840 | D:9      | Found an ancient bone altar of Kikubaaqudgha.
  6987 | D:9      | Found Zutusky's Food Shoppe.
  7141 | D:9      | Found Ecva's Assorted Antiques.
  7144 | D:9      | Bought a glowing grey potion for 15 gold pieces
  7144 | D:9      | Bought a scroll of identify for 34 gold pieces
  7144 | D:9      | Bought a fizzy grey potion for 15 gold pieces
  7144 | D:9      | Bought a purple potion for 15 gold pieces
  7144 | D:9      | Bought a scroll labeled NAFOKKE JOHIE for 17 gold pieces
  7144 | D:9      | Bought a scroll labeled XAISET GYKI for 17 gold pieces
  7330 | Lair:1   | Entered Level 1 of the Lair of Beasts
  7349 | Lair:1   | Noticed a spiny frog
  7354 | Lair:1   | Killed a spiny frog
  7428 | Lair:1   | Reached XP level 11. HP: 64/71 MP: 11/11
  8380 | Lair:2   | Reached skill level 10 in Fighting
  8530 | Lair:2   | Found a dark tunnel.
  8558 | Lair:2   | Received a gift from Trog
  8684 | Volcano  | Entered a volcano
  9258 | Volcano  | Found a burning altar of Makhleb.
  9258 | Volcano  | Noticed a lindwurm
  9275 | Volcano  | Killed a lindwurm
  9275 | Volcano  | Reached skill level 10 in Armour
  9458 | Volcano  | Noticed a fire crab
  9465 | Volcano  | Killed a fire crab
  9718 | Lair:2   | Noticed Gastronok
  9763 | Lair:2   | Killed Gastronok
  9811 | Lair:2   | Noticed a seven-headed hydra
  9819 | Lair:2   | Killed a ten-headed hydra
  9819 | Lair:2   | Reached XP level 12. HP: 62/79 MP: 12/12
 10165 | Lair:2   | Noticed a death yak
 10165 | Lair:2   | Noticed a death yak
 10166 | Lair:2   | Noticed a death yak
 10176 | Lair:2   | Killed a death yak
 10179 | Lair:2   | Killed a death yak
 10187 | Lair:2   | Killed a death yak
 10649 | Lair:3   | Reached skill level 10 in Axes
 11381 | Lair:4   | Found a labyrinth entrance.
 11404 | Lab      | Entered a labyrinth
 11420 | Lab      | Found an exit through the horrors of the Abyss.
 11430 | Lab      | Found an exit through the horrors of the Abyss.
 11439 | Lab      | Found an exit through the horrors of the Abyss.
 11498 | Lab      | Reached XP level 13. HP: 62/86 MP: 13/13
 11545 | Lab      | Found an exit through the horrors of the Abyss.
 11703 | Lab      | Noticed a minotaur
 11725 | Lab      | Killed a minotaur
 11907 | Lair:4   | Found a staircase to the Snake Pit.
 12105 | Lair:4   | Found a staircase to the Swamp.
 12516 | Lair:4   | Reached skill level 1 in Evocations
 12787 | Lair:5   | Found a staircase to the Slime Pits.
 13254 | Lair:5   | Received a gift from Trog
 13583 | Lair:5   | Found a deep blue altar of Sif Muna.
 13887 | Lair:6   | Entered Level 6 of the Lair of Beasts
 13971 | Lair:6   | Reached skill level 10 in Dodging
 14223 | Lair:6   | Noticed a dire elephant
 14240 | Lair:6   | Killed a dire elephant
 14449 | Lair:6   | Gained mutation: Your large and strong wings let you fly indefinitely. [Gargoyle growth]
 14449 | Lair:6   | Reached XP level 14. HP: 58/92 MP: 16/16
 14977 | Lair:6   | Received a gift from Trog
 15644 | D:10     | Entered Level 10 of the Dungeon
 15724 | D:10     | Noticed Sonja
 16301 | D:10     | Killed Sonja
 16936 | D:11     | Noticed Urug
 16957 | D:11     | Killed Urug
 17002 | D:11     | Received a gift from Trog
 17002 | D:11     | Reached skill level 5 in Evocations
 17297 | D:11     | Noticed Fannar
 17308 | D:11     | Killed Fannar
 17375 | D:11     | Reached ****** piety under Trog
 17376 | D:11     | Received a gift from Trog
 17822 | D:12     | You are sucked into a shaft for 2 floors!
 17869 | D:14     | Gained mutation: You are resistant to hostile enchantments. (MR+) [mutagenic meat]
 17870 | D:14     | Gained mutation: You are somewhat resistant to further mutation. [mutagenic meat]
 17872 | D:14     | Gained mutation: Your magical capacity is low. (-10% MP) [mutagenic meat]
 18573 | D:12     | Found Cufar's Armour Shoppe.
 18585 | D:12     | Found a staircase to the Orcish Mines.
 18592 | D:12     | Found Oskutile's Weapon Shoppe.
 19027 | Orc:1    | Entered Level 1 of the Orcish Mines
 19040 | Orc:1    | Received a gift from Trog
 19040 | Orc:1    | Reached XP level 15. HP: 100/100 MP: 17/17
 19169 | Orc:1    | Found Yfacleq's Distillery.
 19177 | Orc:1    | Bought a potion of curing for 48 gold pieces
 19177 | Orc:1    | Bought a potion of heal wounds for 80 gold pieces
 19177 | Orc:1    | Bought a potion of agility for 64 gold pieces
 19177 | Orc:1    | Bought a potion of heal wounds for 80 gold pieces
 19177 | Orc:1    | Bought 2 potions of resistance for 320 gold pieces
 19672 | Orc:2    | Entered Level 2 of the Orcish Mines
 19672 | Orc:2    | Found Seatoo's Assorted Antiques.
 19674 | Orc:2    | Noticed an orc warlord
 19701 | Orc:1    | HP: 5/100 [orc warrior/halberd (7)]
 20042 | Orc:1    | Received a gift from Trog
 20049 | Orc:1    | Killed an orc warlord
 20137 | Orc:2    | Found Cuitzedy's Antique Weapon Shoppe.
 20154 | Orc:2    | Found a staircase to the Elven Halls.
 20160 | Orc:2    | Bought a scroll labeled FOKUCI LO HUGO for 24 gold pieces
 20160 | Orc:2    | Bought a scroll labeled LULYAPTEODD for 24 gold pieces
 20160 | Orc:2    | Bought a scroll labeled DORANY EPHUW for 24 gold pieces
 20160 | Orc:2    | Bought a scroll of identify for 48 gold pieces
 20160 | Orc:2    | Bought a scroll of identify for 48 gold pieces
 20160 | Orc:2    | Bought a scroll of teleportation for 72 gold pieces
 20165 | Orc:2    | Got a warped hat
 20167 | Orc:2    | Found Ziyngif's General Store.
 20190 | Orc:2    | Identified the -2 hat of Inaction {MR+ Str+2} (You acquired it on level 2 of the Orcish Mines)
 20221 | Orc:2    | Bought a potion of resistance for 150 gold pieces
 20221 | Orc:2    | Bought a scroll of identify for 30 gold pieces
 20221 | Orc:2    | Bought a potion of agility for 60 gold pieces
 20336 | Orc:2    | Found Vegeogu's Jewellery Shop.
 20593 | Orc:2    | Found Gyhexai's Antique Armour Emporium.
 20601 | Orc:2    | Bought a shimmering helmet for 294 gold pieces
 20601 | Orc:2    | Bought a pair of glowing gloves for 232 gold pieces
 20616 | Orc:2    | Identified the +2 helmet "Ythel" {rC+ MR+ Str+3} (You bought it in a shop on level 2 of the Orcish Mines)
 21008 | D:13     | Received a gift from Trog
 21023 | D:13     | Noticed Rupert
 21032 | D:13     | Killed Rupert
 21263 | D:13     | Gained mutation: You are robust. (+10% HP) [mutagenic meat]
 21409 | D:13     | Identified the Almanac of Flames
 21989 | D:14     | Received a gift from Trog
 22014 | D:14     | Found a gate to the Vaults.
 22305 | D:15     | Entered Level 15 of the Dungeon
 22308 | D:15     | Noticed Louise
 22321 | D:15     | Killed Louise
 22383 | D:15     | Reached XP level 16. HP: 95/117 MP: 16/19
 22453 | D:15     | Found Imosk's Jewellery Shop.
 22600 | D:15     | Got a pitted iron amulet
 22979 | D:15     | Found a staircase to the Depths.
 23281 | Snake:1  | Entered Level 1 of the Snake Pit
 23304 | Snake:1  | Identified the amulet "Sehihyg" {Harm *Drain rPois} (You found it on level 15 of the Dungeon)
 23335 | Snake:1  | Received a gift from Trog
 23336 | Snake:1  | Got a steaming broad axe {god gift}
 23337 | Snake:1  | Identified the +7 broad axe of the Skies Above {venom, +Inv} (Trog gifted it to you on level 1 of the Snake Pit)
 23396 | Snake:1  | Noticed Josephine
 23405 | Snake:1  | Killed Josephine
 23639 | Snake:1  | Found Cude's Distillery.
 23647 | Snake:1  | Bought a potion of curing for 45 gold pieces
 23647 | Snake:1  | Bought a potion of agility for 60 gold pieces
 23647 | Snake:1  | Bought a potion of invisibility for 120 gold pieces
 23647 | Snake:1  | Bought a potion of curing for 45 gold pieces
 23647 | Snake:1  | Bought a potion of haste for 150 gold pieces
 23647 | Snake:1  | Bought a potion of agility for 60 gold pieces
 23670 | Snake:1  | Noticed Aizul
 23685 | Snake:1  | Killed Aizul
 24124 | Snake:1  | Reached skill level 15 in Fighting
 24621 | Snake:2  | Received a gift from Trog
 24847 | Snake:3  | Reached skill level 15 in Armour
 25195 | Snake:3  | Noticed a nagaraja
 25203 | Snake:3  | Killed a nagaraja
 25332 | Snake:3  | Received a gift from Trog
 25332 | Snake:3  | Reached XP level 17. HP: 118/124 MP: 21/21
 25504 | Snake:3  | Noticed Jorgrun
 25518 | Snake:3  | Killed Jorgrun
 25929 | Snake:3  | Found Ciomn's General Store.
 25929 | Snake:3  | Found Xedutofa's General Store.
 26080 | Snake:3  | Found Leent's Gadget Shoppe.
 26299 | Snake:4  | Entered Level 4 of the Snake Pit
 26302 | Snake:4  | Got a translucent amber ring
 26316 | Snake:4  | Identified the ring of Jyokaid {rElec Str+4 SInv} (You found it on level 4 of the Snake Pit)
 26469 | Snake:4  | Received a gift from Trog
 26516 | Snake:4  | Noticed Saint Roka
 26544 | Snake:4  | Killed Saint Roka
 26907 | Snake:4  | Found a runed gate.
 26908 | Snake:4  | Found a runed gate.
 26909 | Snake:4  | Found a runed gate.
 26989 | Snake:4  | Received a gift from Trog
 27552 | Snake:4  | Reached XP level 18. HP: 104/132 MP: 18/22
 27574 | Snake:4  | Received a gift from Trog
 28129 | Snake:4  | Got a serpentine rune of Zot
 28203 | Snake:4  | Reached skill level 10 in Evocations
 28224 | Snake:4  | Reached skill level 15 in Axes
 28613 | Swamp:1  | Entered Level 1 of the Swamp
 28832 | Snake:4  | Received a gift from Trog
 29211 | Swamp:1  | Received a gift from Trog
 30471 | Swamp:3  | Received a gift from Trog
 31085 | Swamp:4  | Entered Level 4 of the Swamp
 31137 | Swamp:4  | Reached XP level 19. HP: 127/139 MP: 21/24
 31594 | Swamp:4  | Received a gift from Trog
 31657 | Swamp:4  | Noticed a bone dragon
 31750 | Swamp:4  | Killed a bone dragon
 32151 | Swamp:4  | Got a decaying rune of Zot
 32480 | Elf:1    | Entered Level 1 of the Elven Halls
 32605 | Elf:1    | Noticed Roxanne
 32625 | Elf:1    | Killed Roxanne
 33115 | Elf:1    | Found Xizuesk's Armour Emporium.
 33373 | Elf:1    | Received a gift from Trog
 33384 | Elf:1    | Noticed a Brimstone Fiend
 34420 | Elf:2    | Found a runed gate.
 34420 | Elf:2    | Found a runed gate.
 34421 | Elf:2    | Found a runed gate.
 34552 | Elf:2    | Received a gift from Trog
 35229 | Elf:2    | Reached XP level 20. HP: 56/147 MP: 6/25
 35598 | Elf:3    | Entered Level 3 of the Elven Halls
 35641 | Elf:3    | Found a deep blue altar of Sif Muna.
 35675 | Elf:3    | Noticed a Tzitzimitl
 35676 | Elf:3    | Received a gift from Trog
 35681 | Elf:3    | Noticed a Tzitzimitl
 36647 | Elf:3    | Got a crystal broad axe {antimagic}
 36649 | Elf:3    | Identified the cursed +2 broad axe of Superiority {antimagic, rElec Int+3} (You took it off a deep elf mage on level 3 of the Elven Halls)
 37782 | Elf:3    | Identified the cursed +1 scale mail "Piecw" {+Blink Str+4 Dex+4} (You found it on level 3 of the Elven Halls)
 37876 | Elf:2    | Received a gift from Trog
 38009 | Vaults:1 | Entered Level 1 of the Vaults
 38192 | Vaults:1 | Noticed a Brimstone Fiend
 38199 | Vaults:1 | Noticed a Tzitzimitl
 38580 | Vaults:1 | Received a gift from Trog
 38635 | Vaults:1 | Reached XP level 21. HP: 155/155 MP: 9/27
 38687 | Vaults:1 | Reached XP level 22. HP: 84/161 MP: 8/28
 39389 | Vaults:1 | Received a gift from Trog
 40259 | Vaults:2 | Noticed Jory
 40281 | Vaults:2 | Killed Jory
 40466 | Vaults:2 | Received a gift from Trog
 40541 | Vaults:2 | Found a staircase to the Crypt.
 40882 | Vaults:2 | Found Uxzizib's Assorted Antiques.
 40890 | Vaults:2 | Bought a scroll of teleportation for 81 gold pieces
 41440 | Vaults:2 | Received a gift from Trog
 41484 | Vaults:3 | Noticed Donald
 41495 | Vaults:3 | Killed Donald
 42197 | Vaults:3 | Received a gift from Trog
 42283 | Vaults:3 | Reached skill level 15 in Dodging
 42400 | Vaults:3 | Reached XP level 23. HP: 168/168 MP: 9/29
 43127 | Vaults:3 | Found Neshros's Weapon Boutique.
 43250 | Vaults:4 | Received a gift from Trog
 43576 | Vaults:4 | Received a gift from Trog
 43997 | Vaults:4 | Received a gift from Trog
 44133 | Vaults:5 | Entered Level 5 of the Vaults
 44176 | Vaults:5 | Noticed a golden dragon
 44201 | Vaults:5 | Killed a golden dragon
 44253 | Vaults:5 | Received a gift from Trog
 44255 | Vaults:5 | Reached XP level 24. HP: 165/176 MP: 8/29
 44457 | Vaults:5 | Received a gift from Trog
 45073 | Vaults:5 | Received a gift from Trog
 45134 | Vaults:5 | Identified the +2 ice dragon scales of Ziaruc {rPois rF- rC++ rN+} (You found it on level 5 of the Vaults)
 45557 | Vaults:5 | Received a gift from Trog
 45580 | Vaults:5 | Noticed Margery
 45592 | Vaults:5 | Killed Margery
 45592 | Vaults:5 | Reached XP level 25. HP: 184/184 MP: 25/30
 45949 | Vaults:5 | Got a silver rune of Zot
 46340 | Slime:1  | Entered Level 1 of the Pits of Slime
 46608 | Slime:5  | Entered Level 5 of the Pits of Slime
 46703 | Slime:5  | Received a gift from Trog
 46713 | Slime:5  | Noticed the Royal Jelly
 46724 | Slime:5  | Gained mutation: You tend to lose your temper in combat. [a shining eye]
 46752 | Slime:5  | Killed the Royal Jelly
 47015 | Slime:5  | Gained mutation: Potions are less effective at restoring your health. [a shining eye]
 47051 | Slime:5  | Lost mutation: Your magical capacity is low. (-10% MP) [potion of mutation]
 47051 | Slime:5  | Lost mutation: You tend to lose your temper in combat. [potion of mutation]
 47052 | Slime:5  | Lost mutation: You are somewhat resistant to further mutation. [potion of mutation]
 47052 | Slime:5  | Lost mutation: You are robust. (+10% HP) [potion of mutation]
 47052 | Slime:5  | Lost mutation: Potions are less effective at restoring your health. [potion of mutation]
 47052 | Slime:5  | Lost mutation: You are resistant to hostile enchantments. (MR+) [potion of mutation]
 47052 | Slime:5  | Gained mutation: You are partially covered in thin metallic scales. (AC +2) [potion of mutation]
 47052 | Slime:5  | Gained mutation: You are partially covered in yellow scales. (AC +2) [potion of mutation]
 47053 | Slime:5  | Lost mutation: You are partially covered in thin metallic scales. (AC +2) [potion of mutation]
 47053 | Slime:5  | Lost mutation: You are partially covered in yellow scales. (AC +2) [potion of mutation]
 47053 | Slime:5  | Gained mutation: Your magical capacity is low. (-10% MP) [potion of mutation]
 47053 | Slime:5  | Gained mutation: Scrolls take you a little longer to read. [potion of mutation]
 47053 | Slime:5  | Gained mutation: You are partially covered in icy blue scales. (AC +2) [potion of mutation]
 47053 | Slime:5  | Gained mutation: Your mind is acute. (Int +2) [potion of mutation]
 47054 | Slime:5  | Lost mutation: Scrolls take you a little longer to read. [potion of mutation]
 47054 | Slime:5  | Lost mutation: Your mind is acute. (Int +2) [potion of mutation]
 47054 | Slime:5  | Lost mutation: Your magical capacity is low. (-10% MP) [potion of mutation]
 47054 | Slime:5  | Gained mutation: Scrolls take you a little longer to read. [potion of mutation]
 47054 | Slime:5  | Gained mutation: You are agile. (Dex +2) [potion of mutation]
 47055 | Slime:5  | Lost mutation: You are agile. (Dex +2) [potion of mutation]
 47055 | Slime:5  | Lost mutation: Scrolls take you a little longer to read. [potion of mutation]
 47055 | Slime:5  | Lost mutation: You are partially covered in icy blue scales. (AC +2) [potion of mutation]
 47055 | Slime:5  | Gained mutation: You are robust. (+10% HP) [potion of mutation]
 47055 | Slime:5  | Gained mutation: You have supernaturally acute eyesight. (SInv) [potion of mutation]
 47060 | Slime:5  | Identified the +1 helmet of Winter {+Blink rPois Dex-5} (You found it on level 5 of the Pits of Slime)
 47067 | Slime:5  | Gained mutation: Your body sometimes deteriorates upon taking damage. [a shining eye]
 47091 | Slime:5  | Lost mutation: Your body sometimes deteriorates upon taking damage. [potion of mutation]
 47091 | Slime:5  | Lost mutation: You are robust. (+10% HP) [potion of mutation]
 47091 | Slime:5  | Gained mutation: You possess an exceptional clarity of mind. [potion of mutation]
 47091 | Slime:5  | Gained mutation: You are clumsy. (Dex -2) [potion of mutation]
 47091 | Slime:5  | Gained mutation: Your mind is acute. (Int +2) [potion of mutation]
 47099 | Slime:5  | Identified the Catalogue of Battle Magic and Moulding
 47170 | Slime:5  | Got a slimy rune of Zot
 47242 | Slime:5  | Gained mutation: Your magical capacity is low. (-10% MP) [a shining eye]
 47243 | Slime:5  | Gained mutation: You are frail. (-10% HP) [a shining eye]
 47244 | Slime:5  | Lost mutation: You have supernaturally acute eyesight. (SInv) [a shining eye]
 47254 | Slime:5  | Lost mutation: You are clumsy. (Dex -2) [potion of mutation]
 47254 | Slime:5  | Lost mutation: Your magical capacity is low. (-10% MP) [potion of mutation]
 47254 | Slime:5  | Lost mutation: You possess an exceptional clarity of mind. [potion of mutation]
 47254 | Slime:5  | Lost mutation: You are frail. (-10% HP) [potion of mutation]
 47254 | Slime:5  | Lost mutation: Your mind is acute. (Int +2) [potion of mutation]
 47254 | Slime:5  | Gained mutation: You tend to lose your temper in combat. [potion of mutation]
 47254 | Slime:5  | Gained mutation: You occasionally shout uncontrollably at your foes. [potion of mutation]
 47254 | Slime:5  | Gained mutation: Armour fits poorly on your strangely shaped body. [potion of mutation]
 47254 | Slime:5  | Lost mutation: You tend to lose your temper in combat. [potion of mutation]
 47255 | Slime:5  | Lost mutation: Armour fits poorly on your strangely shaped body. [potion of mutation]
 47255 | Slime:5  | Lost mutation: You occasionally shout uncontrollably at your foes. [potion of mutation]
 47255 | Slime:5  | Gained mutation: You are dopey. (Int -2) [potion of mutation]
 47255 | Slime:5  | Gained mutation: You are frail. (-10% HP) [potion of mutation]
 47255 | Slime:5  | Gained mutation: You are somewhat resistant to further mutation. [potion of mutation]
 47256 | Slime:5  | Lost mutation: You are somewhat resistant to further mutation. [potion of mutation]
 47256 | Slime:5  | Lost mutation: You are dopey. (Int -2) [potion of mutation]
 47256 | Slime:5  | Lost mutation: You are frail. (-10% HP) [potion of mutation]
 47256 | Slime:5  | Gained mutation: You occasionally shout uncontrollably at your foes. [potion of mutation]
 47256 | Slime:5  | Gained mutation: You have sharp toenails. [potion of mutation]
 47256 | Slime:5  | Gained mutation: You are agile. (Dex +2) [potion of mutation]
 47256 | Slime:5  | Gained mutation: You possess an exceptional clarity of mind. [potion of mutation]
 47712 | Depths:1 | Entered Level 1 of the Depths
 47728 | Depths:1 | Found a gateway to Hell.
 47902 | Depths:1 | Found Haegarr's Jewellery Shoppe.
 47902 | Depths:1 | Found Zyh Utargh's Gadget Boutique.
 47903 | Depths:1 | Found Haogah's Jewellery Shoppe.
 47930 | Depths:1 | Found a one-way gate to the infinite horrors of the Abyss.
 47958 | Depths:1 | Noticed Mara
 47963 | Depths:1 | Noticed Eptagon's illusion
 48003 | Depths:1 | Voluntarily entered the Abyss.
 48874 | Abyss:1  | Received a gift from Trog
 49034 | Abyss:1  | Reached skill level 15 in Evocations
 49136 | Abyss:2  | Found a radiant altar of Vehumet.
 49278 | Abyss:3  | Got an abyssal rune of Zot
 49286 | Abyss:3  | Gained mutation: You are weak. (Str -2) [mutagenic meat]
 49289 | Abyss:3  | Gained mutation: Your flesh is cold resistant. (rC+) [mutagenic meat]
 49290 | Abyss:3  | Gained mutation: You sometimes yell uncontrollably at your foes. [mutagenic meat]
 49291 | Abyss:3  | Lost mutation: You have sharp toenails. [mutagenic meat]
 49382 | Abyss:3  | Reached XP level 26. HP: 145/175 MP: 34/34
 49514 | Abyss:3  | Received a gift from Trog
 49728 | Depths:1 | Escaped the Abyss
 49730 | Depths:1 | Noticed Eptagon's illusion
 49771 | Depths:1 | Killed Mara
 49901 | Depths:1 | Found a gateway to a ziggurat.
 49902 | Depths:1 | Paralysed by a floating eye for 3 turns
 49908 | Depths:1 | Paralysed by a floating eye for 4 turns
 49919 | Depths:1 | Paralysed by a floating eye for 2 turns
 49927 | Depths:1 | Paralysed by a floating eye for 2 turns
 49986 | Depths:1 | Received a gift from Trog
 50242 | Depths:2 | Gained mutation: You do not regenerate when monsters are visible. [mutagenic meat]
 50243 | Depths:2 | Lost mutation: You are weak. (Str -2) [mutagenic meat]
 50245 | Depths:2 | Gained mutation: Potions are less effective at restoring your health. [mutagenic meat]
 50246 | Depths:2 | Gained mutation: You are dopey. (Int -2) [mutagenic meat]
 50247 | Depths:2 | Lost mutation: You are agile. (Dex +2) [mutagenic meat]
 50248 | Depths:2 | Lost mutation: You sometimes yell uncontrollably at your foes. [potion of mutation]
 50248 | Depths:2 | Lost mutation: You occasionally shout uncontrollably at your foes. [potion of mutation]
 50248 | Depths:2 | Gained mutation: Your muscles are strong. (Str +2) [potion of mutation]
 50249 | Depths:2 | Lost mutation: You are dopey. (Int -2) [potion of mutation]
 50249 | Depths:2 | Lost mutation: You possess an exceptional clarity of mind. [potion of mutation]
 50249 | Depths:2 | Lost mutation: Potions are less effective at restoring your health. [potion of mutation]
 50249 | Depths:2 | Gained mutation: Your flesh is heat resistant. (rF+) [potion of mutation]
 50249 | Depths:2 | Lost mutation: Your flesh is heat resistant. (rF+) [potion of mutation]
 50249 | Depths:2 | Gained mutation: You are partially covered in yellow scales. (AC +2) [potion of mutation]
 50253 | Depths:2 | Gained mutation: You have large cloven feet. [mutagenic meat]
 50557 | Depths:2 | Received a gift from Trog
 51131 | Depths:3 | Gained mutation: Your flesh is heat resistant. (rF+) [mutagenic meat]
 51265 | Depths:3 | Paralysed by a floating eye for 4 turns
 51282 | Depths:3 | Noticed Mennas
 51335 | Depths:3 | Killed Mennas
 51335 | Depths:3 | Received a gift from Trog
 51335 | Depths:3 | Reached XP level 27. HP: 67/182 MP: 8/34
 51992 | Depths:3 | Identified the Guide on the Enchanting Escort
 52107 | Depths:3 | Received a gift from Trog
 52124 | Depths:3 | Found a one-way gate leading to the halls of Pandemonium.
 52454 | Depths:3 | Got a heavily runed wooden ring
 52455 | Depths:3 | Identified the ring "Giuklut" {Wiz +Blink Int+6 Dex-2} (You found it on level 3 of the Depths)
 52645 | Depths:4 | Noticed Xtahua
 52663 | Depths:4 | Killed Xtahua
 52935 | Depths:4 | Received a gift from Trog
 53213 | Depths:4 | Cast into level 2 of the Abyss (spriggan defender)
 53219 | Depths:4 | Escaped the Abyss
 53284 | Depths:4 | Noticed Frederick
 53304 | Depths:4 | Killed Frederick
 53486 | Depths:4 | Received a gift from Trog
 53905 | Depths:5 | Entered Level 5 of the Depths
 54034 | Depths:5 | Found Bygreal's Magic Scroll Shoppe.
 54036 | Depths:5 | Found Lihopux's Assorted Antiques.
 54038 | Depths:5 | Found Test's Book Shoppe.
 54042 | Depths:5 | Bought a scroll of blinking for 97 gold pieces
 54042 | Depths:5 | Bought a scroll of enchant weapon for 97 gold pieces
 54042 | Depths:5 | Bought a scroll of teleportation for 39 gold pieces
 54042 | Depths:5 | Bought a scroll of teleportation for 39 gold pieces
 54046 | Depths:5 | Bought the amulet of the Four Winds {rN+ MR+++ Clar} for 1141 gold pieces
 54046 | Depths:5 | Bought a pair of glowing gloves for 195 gold pieces
 54046 | Depths:5 | Bought a potion of curing for 78 gold pieces
 54046 | Depths:5 | Bought a potion of agility for 104 gold pieces
 54072 | Depths:5 | Bought a scroll of identify for 26 gold pieces
 54072 | Depths:5 | Bought a scroll of identify for 26 gold pieces
 54072 | Depths:5 | Bought a scroll of identify for 26 gold pieces
 54072 | Depths:5 | Bought a scroll of identify for 26 gold pieces
 54138 | Depths:5 | Found a gate to the Realm of Zot.
 54676 | Pan      | Entered Pandemonium
 54760 | Pan      | Noticed Maeqe the pandemonium lord
 54776 | Pan      | Killed Maeqe the pandemonium lord
 55268 | Pan      | Lost mutation: Your muscles are strong. (Str +2) [a neqoxec]
 55776 | Pan      | Found a runed door.
 55800 | Pan      | Found a runed door.
 55863 | Pan      | Received a gift from Trog
 56285 | Pan      | Found an exit through the horrors of the Abyss.
 56437 | Pan      | Found a runed door.
 56489 | Pan      | Found a runed door.
 56502 | Pan      | Noticed Teuvepudd the pandemonium lord
 56512 | Pan      | Paralysed by a floating eye for 2 turns
 56518 | Pan      | Killed Teuvepudd the pandemonium lord
 56827 | Pan      | Found an exit through the horrors of the Abyss.
 56902 | Pan      | Gained mutation: Your magical capacity is low. (-10% MP) [a cacodemon]
 57637 | Pan      | Gained mutation: Your magical capacity is very low. (-20% MP) [a cacodemon]
 58128 | Pan      | Noticed Dykiyni the pandemonium lord
 58145 | Pan      | Killed Dykiyni the pandemonium lord
 58239 | Pan      | Received a gift from Trog
 58495 | Pan      | Gained mutation: You are weak. (Str -2) [a neqoxec]
 58519 | Pan      | Lost mutation: Your flesh is heat resistant. (rF+) [potion of mutation]
 58519 | Pan      | Lost mutation: You have large cloven feet. [potion of mutation]
 58519 | Pan      | Gained mutation: You have a pair of small horns on your head. [potion of mutation]
 58519 | Pan      | Gained mutation: You are resistant to hostile enchantments. (MR+) [potion of mutation]
 58519 | Pan      | Gained mutation: You are clumsy. (Dex -2) [potion of mutation]
 58519 | Pan      | Lost mutation: You are clumsy. (Dex -2) [potion of mutation]
 58520 | Pan      | Lost mutation: You are weak. (Str -2) [potion of mutation]
 58520 | Pan      | Lost mutation: You have a pair of small horns on your head. [potion of mutation]
 58520 | Pan      | Lost mutation: You do not regenerate when monsters are visible. [potion of mutation]
 58520 | Pan      | Lost mutation: Your flesh is cold resistant. (rC+) [potion of mutation]
 58520 | Pan      | Lost mutation: Your magical capacity is very low. (-20% MP) [potion of mutation]
 58520 | Pan      | Gained mutation: You have sharp toenails. [potion of mutation]
 58521 | Pan      | Lost mutation: Your magical capacity is low. (-10% MP) [potion of mutation]
 58521 | Pan      | Lost mutation: You are resistant to hostile enchantments. (MR+) [potion of mutation]
 58521 | Pan      | Lost mutation: You have sharp toenails. [potion of mutation]
 58521 | Pan      | Lost mutation: You are partially covered in yellow scales. (AC +2) [potion of mutation]
 58521 | Pan      | Gained mutation: Armour fits poorly on your strangely shaped body. [potion of mutation]
 58521 | Pan      | Gained mutation: You have sharp fingernails. [potion of mutation]
 58521 | Pan      | Gained mutation: You have a pair of small antennae on your head. [potion of mutation]
 58521 | Pan      | Gained mutation: Your natural rate of healing is unusually fast. [potion of mutation]
 58522 | Pan      | Lost mutation: You have a pair of small antennae on your head. [potion of mutation]
 58522 | Pan      | Lost mutation: Armour fits poorly on your strangely shaped body. [potion of mutation]
 58522 | Pan      | Lost mutation: You have sharp fingernails. [potion of mutation]
 58522 | Pan      | Lost mutation: Your natural rate of healing is unusually fast. [potion of mutation]
 58522 | Pan      | Gained mutation: You are partially covered in large bone plates. (SH +4) [potion of mutation]
 58522 | Pan      | Gained mutation: You have large cloven feet. [potion of mutation]
 58542 | Pan      | Gained mutation: Potions are less effective at restoring your health. [mutagenic meat]
 58546 | Pan      | Lost mutation: You are partially covered in large bone plates. (SH +4) [potion of mutation]
 58546 | Pan      | Lost mutation: Potions are less effective at restoring your health. [potion of mutation]
 58546 | Pan      | Lost mutation: You have large cloven feet. [potion of mutation]
 58546 | Pan      | Gained mutation: Your body sometimes deteriorates upon taking damage. [potion of mutation]
 58546 | Pan      | Gained mutation: You have large cloven feet. [potion of mutation]
 58546 | Pan      | Gained mutation: Scrolls take you a little longer to read. [potion of mutation]
 58546 | Pan      | Gained mutation: Your spells are a little harder to cast, but a little more powerful. [potion of mutation]
 58828 | Pan      | Gained mutation: Scrolls take you longer to read. [a cacodemon]
 59196 | Pan      | Gained mutation: You occasionally shout uncontrollably at your foes. [a neqoxec]
 59581 | Pan      | Gained mutation: You are dopey. (Int -2) [a cacodemon]
 59697 | Pan      | Gained mutation: Scrolls take you much longer to read. [a neqoxec]
 59963 | Pan      | Found a runed door.
 59992 | Pan      | Got a demonic rune of Zot
 60000 | Pan      | Gained mutation: You are partially covered in yellow scales. (AC +2) [mutagenic meat]
 60013 | Pan      | Found an exit through the horrors of the Abyss.
 60016 | Pan      | Took an exit into the Abyss.
 60016 | Abyss:1  | Escaped into the Abyss
 60023 | Abyss:1  | Found a corrupted altar of Lugonu.
 60149 | Depths:4 | Escaped the Abyss
 60453 | Vaults:2 | Bought a potion of mutation for 216 gold pieces
 60453 | Vaults:2 | Bought a ruby ring for 135 gold pieces
 60457 | Vaults:2 | Lost mutation: You occasionally shout uncontrollably at your foes. [potion of mutation]
 60457 | Vaults:2 | Lost mutation: Your body sometimes deteriorates upon taking damage. [potion of mutation]
 60457 | Vaults:2 | Lost mutation: Scrolls take you much longer to read. [potion of mutation]
 60457 | Vaults:2 | Lost mutation: Your spells are a little harder to cast, but a little more powerful. [potion of mutation]
 60457 | Vaults:2 | Lost mutation: Scrolls take you longer to read. [potion of mutation]
 60457 | Vaults:2 | Lost mutation: Scrolls take you a little longer to read. [potion of mutation]
 60457 | Vaults:2 | Gained mutation: You are very dopey. (Int -4) [potion of mutation]
 60457 | Vaults:2 | Gained mutation: You are frail. (-10% HP) [potion of mutation]
 60457 | Vaults:2 | Lost mutation: You are frail. (-10% HP) [potion of mutation]
 60809 | Temple   | Entered the Ecumenical Temple
 60934 | Temple   | Fell from the grace of Trog
 60934 | Temple   | Became a worshipper of Makhleb the Destroyer
 61329 | Crypt:1  | Entered Level 1 of the Crypt
 61731 | Crypt:1  | Reached * piety under Makhleb
 62240 | Crypt:2  | Noticed Khufu
 62254 | Crypt:2  | Noticed a greater mummy
 62254 | Crypt:2  | Noticed a greater mummy
 62261 | Crypt:2  | Killed Khufu
 62281 | Crypt:2  | Killed a greater mummy
 62291 | Crypt:2  | Killed a greater mummy
 62419 | Crypt:2  | Paralysed by Trog for 4 turns
 63381 | Crypt:2  | Reached ** piety under Makhleb
 63398 | Crypt:2  | Found a basalt altar of Yredelemnul.
 63560 | Crypt:3  | Entered Level 3 of the Crypt
 63929 | Crypt:3  | Reached *** piety under Makhleb
 64054 | Crypt:3  | Reached skill level 1 in Invocations
 64190 | Crypt:3  | Noticed an ancient lich
 64200 | Crypt:3  | Killed an ancient lich
 64417 | Crypt:3  | Found an ancient bone altar of Kikubaaqudgha.
 64446 | Crypt:3  | Paralysed by Trog for 7 turns
 64514 | Crypt:3  | Reached **** piety under Makhleb
 64693 | Crypt:3  | Found a staircase to the Tomb.
 66028 | Snake:4  | Learned a level 1 spell: Summon Butterflies
 66516 | Depths:1 | Voluntarily entered the Abyss.
 66744 | Abyss:2  | Reached ***** piety under Makhleb
 67135 | Abyss:2  | Reached skill level 5 in Invocations
 67365 | Abyss:3  | Gained mutation: Armour fits poorly on your strangely shaped body. [a cacodemon]
 67552 | Abyss:4  | Gained mutation: Your body sometimes deteriorates upon taking damage. [a neqoxec]
 67611 | Depths:1 | Escaped the Abyss
 67735 | Depths:3 | Lost mutation: Your body sometimes deteriorates upon taking damage. [mutagenic meat]
 67772 | Pan      | Entered Pandemonium
 67793 | Pan      | Noticed Vaiteip the pandemonium lord
 67795 | Pan      | Reached ****** piety under Makhleb
 67807 | Pan      | Killed Vaiteip the pandemonium lord
 67819 | Pan      | Found an exit through the horrors of the Abyss.
 67843 | Pan      | Gained mutation: You are partially covered in large bone plates. (SH +4) [a cacodemon]
 68445 | Pan      | Noticed Wimyr the pandemonium lord
 68455 | Pan      | Cast into level 4 of the Abyss (Wimyr)
 68602 | Abyss:4  | Paralysed by accursed screaming for 1 turns
 68607 | Abyss:4  | Paralysed by accursed screaming for 1 turns
 68619 | Abyss:4  | Paralysed by accursed screaming for 2 turns
 68624 | Abyss:4  | Paralysed by accursed screaming for 2 turns
 68741 | Abyss:4  | Paralysed by accursed screaming for 1 turns
 68753 | Abyss:4  | Paralysed by accursed screaming for 2 turns
 68764 | Pan      | Escaped the Abyss
 68772 | Pan      | Mangled by Wimyr the pandemonium lord

Skill      XL: |  1  2  3  4  5  6  7  8  9 10 11 12 13 14 15 16 17 18 19 20 21 22 23 24 25 26 27 |
---------------+----------------------------------------------------------------------------------+-----
Dodging        | 2 3 4 6 7 8 9 10 11 12 13 14 15 16 17 19 | 19.9
Axes           | 3 4 5 7 8 9 10 11 12 13 14 15 16 17 18 19 20 21 23 | 23.7
Fighting       | 4 5 6 8 9 10 12 13 14 15 16 17 18 19 20 21 24 | 24.6
Armour         | 3 4 5 6 7 9 10 11 12 13 14 15 16 17 18 19 20 21 24 | 24.2
Evocations     | 3 5 7 8 9 10 11 12 13 14 15 18 | 18.6
Invocations    | 7 |  7.6

Action                   |  1- 3 |  4- 6 |  7- 9 | 10-12 | 13-15 | 16-18 | 19-21 | 22-24 | 25-27 || total
-------------------------+-------+-------+-------+-------+-------+-------+-------+-------+-------++-------
Melee: Hand axe          |   113 |   130 |   307 |   777 |   685 |       |       |       |       ||  2012
       Battleaxe         |       |       |       |       |   645 |  1175 |   427 |   900 |  2152 ||  5299
       Executioner's axe |       |       |       |       |       |       |   609 |   563 |  2240 ||  3412
Invok: Berserk           |       |     2 |     6 |    10 |    15 |     1 |       |       |     5 ||    39
       Brothers in Arms  |       |       |       |     1 |     3 |     1 |       |       |       ||     5
       Trog's Hand       |       |       |       |     1 |       |       |     2 |       |     5 ||     8
 Abil: Fly               |       |       |       |       |     1 |       |       |       |       ||     1
Evoke: Wand              |       |       |       |     1 |     4 |       |     4 |       |    14 ||    23
       Lamp of fire      |       |       |       |       |       |       |     1 |       |       ||     1
  Use: Scroll            |       |       |     6 |     8 |    15 |    18 |    13 |     7 |    26 ||    93
       Potion            |       |       |       |       |     2 |     1 |     4 |       |    25 ||    32
 Stab: Sleeping          |     1 |       |       |       |       |       |       |       |       ||     1
       Distracted        |       |       |       |       |     1 |       |       |       |     2 ||     3
  Eat: Chunk             |     1 |     7 |    14 |    27 |    63 |    28 |    24 |    24 |    62 ||   250
       Royal jelly       |       |       |       |     4 |     2 |     1 |       |     3 |     8 ||    18
       Fruit             |       |       |       |     2 |     1 |     2 |     2 |       |     7 ||    14
       Meat ration       |       |       |       |     1 |       |       |       |       |     6 ||     7
Armor: Animal skin       |    26 |       |       |       |       |       |       |       |       ||    26
       Leather armour    |    40 |    16 |       |       |       |       |       |       |       ||    56
       Chain mail        |       |    36 |   183 |   478 |   894 |  1022 |   824 |  1210 |  3185 ||  7832
       Plate armour      |       |       |       |    12 |       |       |       |       |       ||    12
Dodge: Dodged            |    82 |    50 |   100 |   332 |   992 |  1196 |   861 |  1383 |  4916 ||  9912
Block: Buckler           |       |     7 |    35 |    72 |    93 |       |       |       |       ||   207
       Other             |       |       |       |       |       |       |       |       |    64 ||    64
